TOP OF THE 1ST |
---|
Kentucky Wildcats batting - Pitching for Duke Blue Devils : RHP Tommy Rodríguez | Pitching: RHP Tommy Rodríguez | | Batting: SHB Russ Beasley | 0-0: Ball 1-0: Called Strike 1-1: Foul Ball, location: 2F 1-2: Ball 2-2: Ball 3-2: Base on Balls | Batting: RHB Lewis Childress | 0-0: Ball 1-0: Called Strike 1-1: Foul Ball, location: 2F 1-2: Ball 2-2: Foul Ball, location: 2F 2-2: Ball 3-2: Fielders Choice at 2nd, 1-6 (Groundball, 13) | Batting: LHB Caden Cleveland | 0-0: SINGLE (Flyball, 9S) Lewis Childress to second Runner from 2nd tries for 3rd, SAFE, throw made to third | Batting: RHB Gabriel Sánchez | 0-0: Ball 1-0: Ball 2-0: Fly out, F7 (Flyball, 7LMF) Runner from 3rd tags up, SCORES, no throw | Batting: RHB Haywood Young | 0-0: Fielders Choice at 2nd, 6-4 (Groundball, 6) | Top of the 1st over - 1 run, 1 hit, 0 errors, 1 left on base; Kentucky 1 - Duke 0 | BOTTOM OF THE 1ST |
---|
Duke Blue Devils batting - Pitching for Kentucky Wildcats : LHP Matthew Samuels | Pitching: LHP Matthew Samuels | | Batting: SHB Barry Holman | 0-0: Ball 1-0: Called Strike 1-1: Swinging Strike 1-2: Strikes out swinging | Batting: SHB Luis Romero | 0-0: Called Strike 0-1: Ball 1-1: Foul Ball, location: 2F 1-2: Ball 2-2: Ball 3-2: SINGLE (Groundball, 4) (infield hit) | Batting: RHB Deron McClendon | 0-0: Called Strike 0-1: Ball 1-1: Ball 2-1: Ball 3-1: Fielders Choice at 2nd, U4 (Groundball, 6MD) | Batting: RHB John Conway | 0-0: Ball 1-0: Ball 2-0: Called Strike 2-1: Fielders Choice at 2nd, 6-4 (Groundball, 6) | Bottom of the 1st over - 0 runs, 1 hit, 0 errors, 1 left on base; Kentucky 1 - Duke 0 | TOP OF THE 2ND |
---|
Kentucky Wildcats batting - Pitching for Duke Blue Devils : RHP Tommy Rodríguez | Batting: RHB Ken Jenkins | 0-0: Swinging Strike 0-1: Called Strike 0-2: Strikes out swinging | Batting: RHB Sam Robinson | 0-0: Foul Ball, location: 2F 0-1: Foul Ball, location: 2F 0-2: Foul Ball, location: 2F 0-2: Ground out 4-3 (Groundball, 4) | Batting: RHB Johnny Carson | 0-0: Ball 1-0: Ball 2-0: Called Strike 2-1: SINGLE (Groundball, 4MD) | Batting: RHB Ken Walsh | 0-0: Foul Ball, location: 2F 0-1: Ball 1-1: Foul Ball, location: 2F 1-2: Strikes out swinging | Top of the 2nd over - 0 runs, 1 hit, 0 errors, 1 left on base; Kentucky 1 - Duke 0 | BOTTOM OF THE 2ND |
---|
Duke Blue Devils batting - Pitching for Kentucky Wildcats : LHP Matthew Samuels | Batting: RHB Curt Eastham | 0-0: SOLO HOME RUN (Flyball, 7LD), Distance : 326 ft | Batting: RHB Bob Ferguson | 0-0: Ball 1-0: Called Strike 1-1: Swinging Strike 1-2: Strikes out swinging | Batting: RHB Dillon Lewis | 0-0: Ball 1-0: Fly out, F9 (Flyball, 9) | Batting: RHB Fred Cox | 0-0: Ball 1-0: Ball 2-0: DOUBLE (Line Drive, 7LM) | Batting: LHB José Gallardo | 0-0: Called Strike 0-1: SINGLE (Groundball, 34D) Fred Cox to third Runner from 3rd tries for Home, SAFE, throw made home José Gallardo to second | Batting: SHB Barry Holman | 0-0: Ball 1-0: Ground out 1-3 (Groundball, 13) | Bottom of the 2nd over - 2 runs, 3 hits, 0 errors, 1 left on base; Kentucky 1 - Duke 2 | TOP OF THE 3RD |
---|
Kentucky Wildcats batting - Pitching for Duke Blue Devils : RHP Tommy Rodríguez | Batting: SHB Russ Beasley | 0-0: Called Strike 0-1: Foul Ball, location: 2F 0-2: Foul Ball, location: 2F 0-2: Strikes out swinging | Batting: RHB Lewis Childress | 0-0: Ball 1-0: Foul Ball, location: 2F 1-1: Ground out 6-3 (Groundball, 6) | Batting: LHB Caden Cleveland | 0-0: Called Strike 0-1: Ball 1-1: Ball 2-1: Ball 3-1: SINGLE (Groundball, 4MD) | Batting: RHB Gabriel Sánchez | 0-0: SINGLE (Line Drive, 34) Caden Cleveland to second Runner from 2nd tries for 3rd, OUT! | Top of the 3rd over - 0 runs, 2 hits, 0 errors, 1 left on base; Kentucky 1 - Duke 2 | BOTTOM OF THE 3RD |
---|
Duke Blue Devils batting - Pitching for Kentucky Wildcats : LHP Matthew Samuels | Batting: SHB Luis Romero | 0-0: Called Strike 0-1: Ball 1-1: Swinging Strike 1-2: Ground out 6-3 (Groundball, 6) | Batting: RHB Deron McClendon | 0-0: Ball 1-0: Foul Ball, location: 2F 1-1: Ball 2-1: Called Strike 2-2: Ball 3-2: Base on Balls | Batting: RHB John Conway | 0-0: Reached on error, E5 (Groundball, 56S) Deron McClendon to second | Batting: RHB Curt Eastham | 0-0: Called Strike 0-1: Ball 1-1: Foul Ball, location: 2F 1-2: Strikes out swinging | Batting: RHB Bob Ferguson | 0-0: SINGLE (Groundball, 6M) (infield hit) Deron McClendon to third John Conway to second | Batting: RHB Dillon Lewis | 0-0: Ball 1-0: Swinging Strike 1-1: Ball 2-1: Ball 3-1: Called Strike 3-2: Foul Ball, location: 2F 3-2: GRAND SLAM HOME RUN (Flyball, 7LD), Distance : 329 ft | Batting: RHB Fred Cox | 0-0: Called Strike 0-1: Ball 1-1: Swinging Strike 1-2: Ball 2-2: Strikes out looking | Bottom of the 3rd over - 4 runs, 2 hits, 1 error, 0 left on base; Kentucky 1 - Duke 6 | TOP OF THE 4TH |
---|
Kentucky Wildcats batting - Pitching for Duke Blue Devils : RHP Tommy Rodríguez | Batting: RHB Haywood Young | 0-0: Ball 1-0: Ball 2-0: Foul Ball, location: 2F 2-1: Called Strike 2-2: Foul Ball, location: 2F 2-2: Strikes out swinging | Batting: RHB Ken Jenkins | 0-0: Ball 1-0: Fly out, F3 (Line Drive, 3) | Batting: RHB Sam Robinson | 0-0: Ball 1-0: Called Strike 1-1: Fly out, F3 (Line Drive, 3) | Top of the 4th over - 0 runs, 0 hits, 0 errors, 0 left on base; Kentucky 1 - Duke 6 | BOTTOM OF THE 4TH |
---|
Duke Blue Devils batting - Pitching for Kentucky Wildcats : LHP Matthew Samuels | Batting: LHB José Gallardo | 0-0: Fly out, F7 (Flyball, 7LM) | Batting: SHB Barry Holman | 0-0: Called Strike 0-1: Swinging Strike 0-2: Foul Ball, location: 2F 0-2: Strikes out swinging | Batting: SHB Luis Romero | 0-0: Ball 1-0: Called Strike 1-1: Ball 2-1: Foul Ball, location: 2F 2-2: Foul Ball, location: 2F 2-2: SINGLE (Groundball, 34D) | Batting: RHB Deron McClendon | 0-0: Ball 1-0: Ball Luis Romero steals 2nd base 2-0: Foul Ball, location: 2F 2-1: Foul Ball, location: 2F 2-2: Ball 3-2: Base on Balls | Pitching: RHP Kevin García | | Batting: RHB John Conway | 0-0: Ball 1-0: Ball 2-0: Swinging Strike 2-1: Ball 3-1: Called Strike 3-2: Base on Balls Luis Romero to third Deron McClendon to second | Batting: RHB Curt Eastham | 0-0: Ground out 4-3 (Groundball, 4) | Bottom of the 4th over - 0 runs, 1 hit, 0 errors, 3 left on base; Kentucky 1 - Duke 6 | TOP OF THE 5TH |
---|
Kentucky Wildcats batting - Pitching for Duke Blue Devils : RHP Tommy Rodríguez | Batting: RHB Johnny Carson | 0-0: Swinging Strike 0-1: SINGLE (Line Drive, 56) | Batting: RHB Ken Walsh | 0-0: Called Strike 0-1: Ground out U3 (Groundball, 34S) Johnny Carson to second | Batting: SHB Russ Beasley | 0-0: Called Strike 0-1: Ball 1-1: Ball 2-1: SINGLE (Flyball, 7LS) Johnny Carson to third | Batting: RHB Lewis Childress | 0-0: Swinging Strike 0-1: Ball 1-1: Ball 2-1: Swinging Strike 2-2: Ball 3-2: Base on Balls Russ Beasley to second | Batting: LHB Caden Cleveland | 0-0: Ball 1-0: Called Strike 1-1: DOUBLE (Flyball, 8LXD) Johnny Carson scores Russ Beasley scores Lewis Childress to third | Batting: RHB Gabriel Sánchez | 0-0: Ball 1-0: Called Strike 1-1: Fly out, F8 (Flyball, 8RM) Runner from 3rd tags up, OUT at HOME | Top of the 5th over - 2 runs, 3 hits, 0 errors, 1 left on base; Kentucky 3 - Duke 6 | BOTTOM OF THE 5TH |
---|
Duke Blue Devils batting - Pitching for Kentucky Wildcats : RHP Kevin García | Batting: RHB Bob Ferguson | 0-0: Ball 1-0: Called Strike 1-1: Foul Ball, location: 2F 1-2: Ground out 2-3 (Groundball, 2L) | Batting: RHB Dillon Lewis | 0-0: Ball 1-0: Called Strike 1-1: Ground out U3 (Groundball, 3) | Batting: RHB Fred Cox | 0-0: Called Strike 0-1: Ball 1-1: Foul Ball, location: 2F 1-2: Ball 2-2: Foul Ball, location: 2F 2-2: Ball 3-2: Base on Balls | Batting: LHB José Gallardo | 0-0: Ball 1-0: Ball 2-0: Ball 3-0: Base on Balls Fred Cox to second | Batting: SHB Barry Holman | 0-0: Called Strike 0-1: Foul Ball, location: 2F 0-2: Ball 1-2: Foul Ball, location: 2F 1-2: DOUBLE (Groundball, 3L) Fred Cox scores José Gallardo to third Runner from 3rd tries for Home, SAFE, no throw | Batting: SHB Luis Romero | 0-0: Ball 1-0: Fly out, F8 (Flyball, 8RM) | Bottom of the 5th over - 2 runs, 1 hit, 0 errors, 1 left on base; Kentucky 3 - Duke 8 | TOP OF THE 6TH |
---|
Kentucky Wildcats batting - Pitching for Duke Blue Devils : RHP Tommy Rodríguez | Batting: RHB Haywood Young | 0-0: Ball 1-0: Ball 2-0: Called Strike 2-1: Ball 3-1: Foul Ball, location: 2F 3-2: Foul Ball, location: 2F 3-2: Base on Balls | Pitching: RHP Richard Price | | Batting: RHB Ken Jenkins | 0-0: Called Strike 0-1: Ball 1-1: Ball 2-1: Fly out, F7 (Flyball, 78M) | Batting: RHB Sam Robinson | 0-0: Called Strike 0-1: Swinging Strike 0-2: 2-RUN HOME RUN (Flyball, 9LD), Distance : 333 ft | Batting: RHB Johnny Carson | 0-0: Swinging Strike 0-1: Ball 1-1: Fly out, F6 (Line Drive, 6) | Batting: RHB Ken Walsh | 0-0: SINGLE (Flyball, 7S) | Batting: SHB Russ Beasley | 0-0: Called Strike 0-1: SINGLE (Groundball, 6D) Ken Walsh to second | Batting: RHB Lewis Childress | 0-0: Called Strike 0-1: Fly out, F4 (Popup, 13) | Top of the 6th over - 2 runs, 3 hits, 0 errors, 2 left on base; Kentucky 5 - Duke 8 | BOTTOM OF THE 6TH |
---|
Duke Blue Devils batting - Pitching for Kentucky Wildcats : RHP Kevin García | Batting: RHB Deron McClendon | 0-0: Ball 1-0: Ball 2-0: Ball 3-0: Base on Balls | Pitching: RHP Pedro Flores | | Batting: RHB John Conway | 0-0: Ball 1-0: Swinging Strike 1-1: Ball 2-1: Ball 3-1: Swinging Strike 3-2: Base on Balls Deron McClendon to second | Batting: RHB Curt Eastham | 0-0: Ball 1-0: Ball 2-0: Ball 3-0: Base on Balls Deron McClendon to third John Conway to second | Batting: RHB Bob Ferguson | 0-0: Ball 1-0: Ball 2-0: Called Strike 2-1: Ball 3-1: Called Strike 3-2: Fly out, F7 (Flyball, 7) Runner from 3rd tags up, SCORES, throw made | Batting: RHB Dillon Lewis | 0-0: SINGLE (Line Drive, 7LS) John Conway to third Curt Eastham to second Throwing error, E7 John Conway scores Curt Eastham to third Dillon Lewis to second | Batting: RHB Fred Cox | 0-0: Ball 1-0: Ball 2-0: Ball 3-0: Called Strike 3-1: Base on Balls | Batting: LHB José Gallardo | 0-0: GRAND SLAM HOME RUN (Flyball, 9D), Distance : 353 ft | Batting: SHB Barry Holman | 0-0: Ball 1-0: Ball 2-0: Ball 3-0: Base on Balls | Pitching: RHP Robert Morrison | | Batting: SHB Luis Romero | 0-0: Called Strike 0-1: Called Strike 0-2: Foul Ball, location: 2F 0-2: Foul Ball, location: 2F 0-2: Ball 1-2: Grounds into double play, 4-6-3 (Groundball, 4) | Bottom of the 6th over - 6 runs, 2 hits, 1 error, 0 left on base; Kentucky 5 - Duke 14 | TOP OF THE 7TH |
---|
Kentucky Wildcats batting - Pitching for Duke Blue Devils : RHP Richard Price | Batting: LHB Caden Cleveland | 0-0: Ball 1-0: Swinging Strike 1-1: SINGLE (Flyball, 3D) | Batting: RHB Gabriel Sánchez | 0-0: Ball 1-0: Ball 2-0: Ball 3-0: Fly out, F8 (Flyball, 8RD) | Batting: RHB Haywood Young | 0-0: Ball 1-0: Swinging Strike 1-1: Swinging Strike 1-2: Foul Ball, location: 2F 1-2: Ball 2-2: Foul Ball, location: 2F 2-2: Foul Ball, location: 2F 2-2: Ball 3-2: Strikes out swinging | Batting: RHB Ken Jenkins | 0-0: Called Strike 0-1: Called Strike 0-2: Strikes out swinging | Top of the 7th over - 0 runs, 1 hit, 0 errors, 1 left on base; Kentucky 5 - Duke 14 | BOTTOM OF THE 7TH |
---|
Duke Blue Devils batting - Pitching for Kentucky Wildcats : RHP Robert Morrison | Batting: RHB Deron McClendon | 0-0: Called Strike 0-1: Called Strike 0-2: Ball 1-2: Ball 2-2: Strikes out swinging | Batting: RHB John Conway | 0-0: Called Strike 0-1: Ball 1-1: Ball 2-1: Foul Ball, location: 2F 2-2: Ball 3-2: Foul Ball, location: 2F 3-2: Base on Balls | Batting: RHB Curt Eastham | 0-0: Ball 1-0: Called Strike 1-1: Foul Ball, location: 2F 1-2: Fly out, F7 (Flyball, 7S) | Batting: RHB Bob Ferguson | 0-0: Called Strike 0-1: Ball 1-1: Ball 2-1: Called Strike 2-2: Foul Ball, location: 2F 2-2: Strikes out swinging | Bottom of the 7th over - 0 runs, 0 hits, 0 errors, 1 left on base; Kentucky 5 - Duke 14 | TOP OF THE 8TH |
---|
Kentucky Wildcats batting - Pitching for Duke Blue Devils : RHP Richard Price | Batting: RHB Sam Robinson | 0-0: Called Strike 0-1: Ball 1-1: SINGLE (Groundball, 56D) | Batting: RHB Johnny Carson | 0-0: Ball 1-0: Called Strike 1-1: Foul Ball, location: 2F 1-2: Foul Ball, location: 2F 1-2: Ball 2-2: Grounds into double play, 5-4-3 (Groundball, 56) | Batting: RHB Ken Walsh | 0-0: Ball 1-0: Called Strike 1-1: Ground out 4-3 (Groundball, 4D) | Top of the 8th over - 0 runs, 1 hit, 0 errors, 0 left on base; Kentucky 5 - Duke 14 | BOTTOM OF THE 8TH |
---|
Duke Blue Devils batting - Pitching for Kentucky Wildcats : RHP Robert Morrison | Batting: RHB Dillon Lewis | 0-0: Ball 1-0: Ball 2-0: Ball 3-0: Called Strike 3-1: Reached on error, E3 (Groundball, 34) | Batting: RHB Fred Cox | 0-0: Ball 1-0: Ball 2-0: Foul Ball, location: 2F 2-1: Ball 3-1: Base on Balls Dillon Lewis to second | Batting: LHB José Gallardo | 0-0: Swinging Strike 0-1: Ball 1-1: Fly out, F9 (Flyball, 89S) | Batting: SHB Barry Holman | 0-0: Ball 1-0: Called Strike 1-1: Called Strike 1-2: Foul Ball, location: 2F 1-2: Ball 2-2: Ball 3-2: Foul Ball, location: 2F 3-2: Foul Ball, location: 2F 3-2: Strikes out looking | Batting: SHB Luis Romero | 0-0: Ball 1-0: Ball 2-0: Ground out U3 (Groundball, 3) | Bottom of the 8th over - 0 runs, 0 hits, 1 error, 2 left on base; Kentucky 5 - Duke 14 | TOP OF THE 9TH |
---|
Kentucky Wildcats batting - Pitching for Duke Blue Devils : RHP Richard Price | Batting: SHB Russ Beasley | 0-0: Ball 1-0: Ball 2-0: Ball 3-0: Called Strike 3-1: Base on Balls | Batting: RHB Lewis Childress | 0-0: Fly out, F7 (Line Drive, 78D) | Batting: LHB Caden Cleveland | 0-0: Ball 1-0: Ball 2-0: Ball 3-0: Called Strike 3-1: Called Strike 3-2: Strikes out swinging Russ Beasley steals 2nd base Batter strikes out. | Batting: RHB Gabriel Sánchez | 0-0: Called Strike 0-1: Called Strike 0-2: SINGLE (Groundball, 5D) Russ Beasley to third | Batting: RHB Haywood Young | 0-0: Called Strike 0-1: Fly out, F9 (Flyball, 9S) | Top of the 9th over - 0 runs, 1 hit, 0 errors, 2 left on base; Kentucky 5 - Duke 14 | |